 Dungeon Crawl Stone Soup version 0.30-a0-1123-gabc949cf19 (webtiles) character file.

Game seed: 4418407032637123985

599 Sobieck the Chiller (level 7, -11/50 HPs)
             Began as a Purple Draconian Ice Elementalist on Apr 22, 2023.
             Mangled by an ogre
             ... wielding a +0 giant spiked club
              (13 damage)
             ... on level 5 of the Dungeon.
             The game lasted 00:10:58 (4561 turns).

Sobieck the Chiller (DrIE)                          Turns: 4561, Time: 00:10:58

Health: -11/50     AC: 17    Str: 11    XL:     7   Next: 17%
Magic:  9/16       EV: 12    Int: 17    God:
Gold:   19         SH:  0    Dex: 11    Spells: 11/18 levels left

rFire   . . .        l - +4 dagger (venom) {short}
rCold   . . .        (no shield)
rNeg    . . .        (body armour unavailable)
rPois   .            m - +1 hat
rElec   .            C - +2 cloak
rCorr   +            (no gloves)
SInv    .            (no boots)
Will    +....        i - amulet of the acrobat
Stlth   ++           x - ring of wizardry
HPRegen 0.28/turn    v - ring of resist corrosion
MPRegen 0.15/turn

%: acrobat, wizardry (x1)
@: ice-armoured, short of breath, freezing walls
A: breathe power, AC +6, unfitting armour, cold-blooded
a: Breathe Dispelling Energy


You were on level 5 of the Dungeon.
You visited 1 branch of the dungeon, and saw 8 of its levels.

You collected 264 gold pieces.
You spent 245 gold pieces at shops.


Innate Abilities, Weirdness & Mutations

You can breathe bolts of dispelling energy.
Your rich purple scales are hard. (AC +6)
You cannot fit into any form of body armour.
You are cold-blooded and may be slowed by cold attacks.


   Skills:
 - Level 1.7 Dodging
 - Level 1.7 Stealth
 + Level 6.4 Spellcasting
 + Level 6.8 Ice Magic


You had 11 spell levels left.
You knew the following spells:

 Your Spells              Type           Power      Damage    Failure   Level
a - Ozocubu's Armour      Ice            28%        N/A       1%          3
b - Frozen Ramparts       Ice            56%        1d9       1%          3
c - Freeze                Ice            100%       1d10      1%          1

Your spell library contained the following spells:

 Spells                   Type           Power      Damage    Failure   Level
 Shock                    Conj/Air       20%        1d4       4%          1
 Cigotuvi's Dreadful Rot  Necr/Pois/Air  10%        N/A       8%          2
 Summon Ice Beast         Ice/Summ       17%        N/A       12%         4
 Ignite Poison            Fire/Tmut/Pois 5%         N/A       16%         3
 Swiftness                Air            5%         N/A       16%         3
 Airstrike                Air            2%         2d(1-17)  43%         4
 Freezing Cloud           Conj/Ice/Air   6%         6-21      45%         5

Inventory:

Hand Weapons
 e - a +0 whip {mace}
   (You took it off a kobold on level 1 of the Dungeon)
 l - a +4 dagger of venom (weapon) {short}
   (You took it off a goblin on level 1 of the Dungeon)
Missiles
 c - 44 stones (quivered) {throwing}
 n - 2 poisoned darts {throwing}
 A - 3 boomerangs {throwing}
Armour
 m - a +1 hat (worn)
   (You found it on level 7 of the Dungeon)
 C - a +2 cloak (worn)
   (You bought it in a shop on level 4 of the Dungeon)
Jewellery
 i - an amulet of the acrobat (around neck)
   (You found it on level 1 of the Dungeon)
 v - a ring of resist corrosion (right hand)
   (You took it off an orc priest on level 3 of the Dungeon)
 x - a ring of wizardry (left hand)
   (You found it on level 3 of the Dungeon)
 y - a ring of wizardry
   (You found it on level 7 of the Dungeon)
Wands
 o - a wand of polymorph (7)
   (You took it off Jessica on level 2 of the Dungeon)
 u - a wand of roots (7)
   (You took it off an orc on level 3 of the Dungeon)
 w - a wand of paralysis (10)
   (You found it on level 3 of the Dungeon)
Scrolls
 b - a scroll of identify {@r1}
 g - 2 scrolls of blinking {!r}
 h - 3 scrolls of teleportation {@r4}
 q - a scroll of torment {!r}
 r - 2 scrolls of enchant weapon
Potions
 a - 2 potions of magic
 d - a potion of heal wounds {@q2}
 f - 3 potions of curing {@q1}
 j - a potion of invisibility {unknown}
 k - 2 potions of flight
 p - a potion of berserk rage {!q}
 s - a potion of might {unknown}
 t - a potion of attraction {unknown}
 z - 2 potions of brilliance {unknown}

Dungeon Overview and Level Annotations

Branches:
Dungeon (8/15) Zot: 26989
 Temple: D:4-7         Lair: D:8-11

Altars:
The Shining One

Shops:
D:1 *   D:4 [=[*

Annotations:
D:6 Maggie

###
#..
#.#
#.#
#O#
#@#
#.#
#.#
#.#
..#
...
###


You could see an ogre.


Message History

Your scales start taking on a rich purple colour.
You learn Spellcasting much quicker.
Your Spellcasting skill increases to level 6!
You learn Hexes much quicker.
You learn Evocations quicker.
You can breathe bolts of dispelling energy.
You hit the orc priest.
You kill the orc priest!
The shadow imp resists.
The wall freezes the shadow imp.
The wall freezes the orc wizard.
You kill the orc wizard!
Your icy armour and frozen ramparts will break if you move.
Continue?
Okay, then.
Casting: Frozen Ramparts (safe; 1% risk of failure)
Confirm with . or Enter, or press ? or * to list all spells.
Okay, then.
Okay, then.
Unknown command.
Unknown command.
Unknown command.
Aiming: Breathe Dispelling Energy (5% risk of failure)
Press: ? - help, Shift-Dir - straight line, f - shadow imp
Aim: a shadow imp (lightly wounded, 48% to hit)
You breathe a bolt of dispelling energy.
The bolt of dispelling energy hits the shadow imp!
The shadow imp completely resists.
The wall freezes the shadow imp but does no damage.
The shadow imp resists.
The wall freezes the shadow imp.
Unknown command.
You hit the shadow imp.
You kill the shadow imp!
Unknown command.
You start resting.
The frozen ramparts melt away.
You start resting.
You have got your breath back.
Your icy armour starts to melt.
Unknown command.
Unknown command.
Your icy armour evaporates.
Things that are here:
a +0 war axe {axe}; an orc corpse
Things that are here:
a +0 dagger {short}; a +0 robe; an orc corpse
Found a stone staircase leading up.
Things that are here:
a +0 war axe {axe}; an orc corpse Unknown command.
(D) Dungeon
Where to? (Enter - D:8 @ (x,y), ? - help)
There is a stone staircase leading up here.
You climb upwards.
Maggie shouts!
The ogre shouts!
Found 13 gold pieces.
Found a stone staircase leading up.
There is a stone staircase leading down here.
There are monsters nearby!
Danger!
Unknown command.
Unknown command.
An adder comes into view.
A jelly comes into view.
The ogre misses you. Maggie casts a spell at you. The bolt of fire hits you!!
The jelly quivers.
There is a stone staircase leading up here.
Unknown command.
Unknown command.
You climb upwards.
There is a stone staircase leading down here.
Unknown command.
Unknown command.
Unknown command.
Casting: Frozen Ramparts (safe; 1% risk of failure)
Confirm with . or Enter, or press ? or * to list all spells.
A film of ice covers your body!
The ogre hits you with a +0 giant spiked club!!
* * * LOW HITPOINT WARNING * * *
Casting: Ozocubu's Armour (safe; 1% risk of failure)
Confirm with . or Enter, or press ? or * to list all spells.
Casting: Frozen Ramparts (safe; 1% risk of failure)
Press: ? - help, Dir - look around, f - activate A stone staircase leading down, spattered with blood.
The walls around you are covered in ice.
The wall freezes the ogre.
The ogre hits you with a +0 giant spiked club!
* * * LOW HITPOINT WARNING * * *
Unknown command.
Aiming: Breathe Dispelling Energy (5% risk of failure)
Press: ? - help, Shift-Dir - straight line, f - ogre
Aim: an ogre, wielding a +0 giant spiked club (lightly wounded, 78% to hit)
You breathe a bolt of dispelling energy.
The bolt of dispelling energy hits the ogre!
Unknown command.
Casting: Frozen Ramparts (safe; 1% risk of failure)
Confirm with . or Enter, or press ? or * to list all spells.
Aiming: Freeze (safe; 1% risk of failure)
Press: ? - help, Shift-Dir - straight line, f/p - ogre
Aim: an ogre, wielding a +0 giant spiked club (moderately wounded)
You freeze the ogre.
The wall freezes the ogre.
The ogre hits you with a +0 giant spiked club!
You die...

Skill      XL: |  1  2  3  4  5  6 |
---------------+-------------------+-----
Spellcasting   | 3 4 6 |  6.4
Ice Magic      | 5 6 |  6.8
Dodging        | |  1.7
Stealth        | |  1.7

Action                     |  1- 3 |  4- 6 |  7- 9 || total
---------------------------+-------+-------+-------++-------
  Melee: Unarmed           |     3 |       |       ||     3
         Whip              |     3 |       |       ||     3
         Dagger            |     6 |   141 |     2 ||   149
         Tailslap          |     2 |    17 |       ||    19
         Punch             |       |     3 |       ||     3
  Throw: Stone             |       |     5 |       ||     5
   Cast: Freeze            |    30 |     7 |     1 ||    38
         Frozen Ramparts   |       |    15 |     1 ||    16
         Ozocubu's Armour  |       |    16 |     1 ||    17
Ability: Breathe Dispellin |       |       |     2 ||     2
    Use: Scroll            |       |    12 |       ||    12
   Stab: Sleeping          |     1 |     3 |       ||     4
 Armour: Skin              |    11 |    49 |       ||    60
  Dodge: Dodged            |    28 |   117 |     1 ||   146

Levels and vault maps discovered:
D:1:      lightli_arrival_chessboard, layout_basic, serial_shops, shop
D:2:      layout_loops_ring, dk_noncrumbling_4, uniq_jessica, uniq_terence
D:3:      layout_loops_ring, lemuel_tele_altar, minmay_misc_feat_diagonals
D:4:      layout_basic, serial_shops, shop, shop, shop,
          nicolae_shop_behind_doors
D:5:      layout_loops_ring, amcnicky_altar_gilded,
          lemuel_zombie_altar_yredelemnul, nzn_wu_jian_council_hall,
          mainiacjoe_overflow_concentric_impassable, lemuel_round_altar,
          mainiacjoe_overflow_boulevard
D:6:      layout_basic, lemuel_coloured_pillars_altar, minmay_temple_entry_hall,
          uniq_eustachio, uniq_maggie
D:7:      layout_loops_cross, nicolae_overflow_crystal_walls,
          jmf_multi_god_temple2, minivault_4
D:8:      layout_rooms, chequers_serial_rivers_room_a

Notes
Turn   | Place    | Note
-------+----------+-------------------------------------------
     0 | D:1      | Sobieck the Draconian Ice Elementalist began the quest for
                  | the Orb.
     0 | D:1      | Reached XP level 1. HP: 14/14 MP: 3/3
   368 | D:1      | Reached XP level 2. HP: 18/20 MP: 1/5
   734 | D:1      | Found Qahysaso's General Store.
  1206 | D:2      | Reached XP level 3. HP: 18/26 MP: 2/7
  1262 | D:2      | Noticed Terence
  1281 | D:2      | Killed Terence
  1282 | D:2      | Reached skill level 3 in Spellcasting
  1310 | D:2      | Noticed Jessica
  1315 | D:2      | Killed Jessica
  1316 | D:2      | Reached XP level 4. HP: 33/33 MP: 8/8
  1400 | D:2      | Reached skill level 5 in Ice Magic
  1589 | D:2      | Learned a level 3 spell: Frozen Ramparts
  1593 | D:2      | Learned a level 3 spell: Ozocubu's Armour
  2116 | D:3      | You add the spells Cigotuvi's Dreadful Rot, Ignite Poison
                  | and Freezing Cloud to your library.
  2727 | D:3      | Reached XP level 5. HP: 38/38 MP: 4/10
  2784 | D:3      | Found a glowing golden altar of the Shining One.
  2888 | D:3      | Reached skill level 4 in Spellcasting
  3164 | D:4      | Found Xamecw's General Store.
  3176 | D:4      | Bought a scroll of identify for 28 gold pieces
  3359 | D:4      | Reached XP level 6. HP: 32/45 MP: 0/12
  3360 | D:4      | Reached skill level 6 in Ice Magic
  3456 | D:4      | Found Vagekhliw's Armour Shop.
  3518 | D:4      | You pick up a book of Air and begin reading...
  3518 | D:4      | You add the spells Shock, Swiftness and Airstrike to your
                  | library.
  3699 | D:4      | Found Xemyc's Jewellery Boutique.
  3818 | D:4      | Found Itaf's Antique Armour Emporium.
  3828 | D:4      | Bought a glowing cloak for 217 gold pieces
  4139 | D:5      | Entered Level 5 of the Dungeon
  4304 | D:5      | You fall into a shaft and drop 3 floors!
  4445 | D:7      | Reached skill level 5 in Spellcasting
  4495 | D:7      | Your scales start taking on a rich purple colour.
  4495 | D:7      | Reached skill level 6 in Spellcasting
  4495 | D:7      | Reached XP level 7. HP: 50/50 MP: 8/16
  4551 | D:6      | Noticed Maggie
  4558 | D:5      | HP: 10/50 [ogre/+0 giant spiked club (21)]
  4559 | D:5      | HP: 2/50 [ogre/+0 giant spiked club (8)]
  4561 | D:5      | Mangled by an ogre

Vanquished Creatures
  A bullfrog (D:7)
  A jelly (D:4)
  2 hounds
  3 orc priests
  Terence (D:2)
  Jessica (D:2)
  2 iguanas (D:4)
  3 orc wizards
  3 gnolls (D:3)
  2 adders
  A shadow imp (D:7)
  A white imp (D:8)
  2 ufetubi
  2 worms
  A dart slug (D:2)
  15 orcs
  7 ball pythons
  3 bats
  8 endoplasms
  5 giant cockroaches
  7 goblins
  7 hobgoblins
  2 jackals (D:3)
  9 kobolds
  4 quokkas
  3 frilled lizards (D:3)
  4 rats
100 creatures vanquished.

Table legend:
 A = Non-vault XP
 B = Vault XP
 C = Vault XP percentage of total XP
 D = Non-vault monster count
 E = Vault monster count
 F = Vault count percentage of total count
                 A         B        C        D         E       F
            +---------+---------+-------+---------+---------+-------
      Total |     782 |      75 |   8.8 |      98 |       2 |   2.0
            +---------+---------+-------+---------+---------+-------
        D:1 |      33 |       0 |   0.0 |      19 |       0 |   0.0
        D:2 |      32 |      75 |  70.1 |      15 |       2 |  11.8
        D:3 |     136 |       0 |   0.0 |      28 |       0 |   0.0
        D:4 |     332 |       0 |   0.0 |      27 |       0 |   0.0
        D:5 |      21 |       0 |   0.0 |       2 |       0 |   0.0
        D:7 |     218 |       0 |   0.0 |       6 |       0 |   0.0
        D:8 |      10 |       0 |   0.0 |       1 |       0 |   0.0
            +---------+---------+-------+---------+---------+-------

Illustrated notes

Table legend:
 A = Kills in this place as a percentage of kills in the entire game.
 B = Kills by you in this place as a percentage of kills by you in the entire game.
 C = Kills by friends in this place as a percentage of kills by friends in the entire game.
 D = Other kills in this place as a percentage of other kills in the entire game.
 E = Experience gained in this place as a percentage of experience gained in the entire game.
 F = Experience gained in this place divided by the number of levels of this place that you have seen.
                   A       B       C       D       E      F
               +-------+-------+-------+-------+-------+----------------------
         Total | 100.0 | 100.0 |   N/A |   N/A | 100.0 | 107.1
       Dungeon | 100.0 | 100.0 |   N/A |   N/A | 100.0 | 107.1
               +-------+-------+-------+-------+-------+----------------------

Table legend: (Time is in decaauts)
 A = Elapsed time spent in this place.
 B = Non-inter-level travel time spent in this place.
 C = Inter-level travel time spent in this place.
 D = Time resting spent in this place.
 E = Time spent auto-exploring this place.
 F = Levels seen in this place.
 G = Mean time per level.
                   A        B        C        D        E       F      G
               +--------+--------+--------+--------+--------+-----+--------+
         Total |   4557 |   4418 |    139 |    383 |   3324 |   8 |  569.6 |
       Dungeon |   4557 |   4418 |    139 |    383 |   3324 |   8 |  569.6 |
               +--------+--------+--------+--------+--------+-----+--------+

Top non-repeatable levels by time:
     D:3: 1114 daAuts
     D:1: 1090 daAuts
     D:4: 1034 daAuts
     D:2: 932 daAuts
     D:5: 133 daAuts
     D:7: 132 daAuts
     D:8: 113 daAuts
     D:6: 5 daAuts
